 Dungeon Crawl Stone Soup version 0.31-a0-986-g5e6e4ef867 (webtiles) character file.

Game seed: 3084857741965706737

132 Dittersdorf the Shield-Bearer (level 5, 0/16 (42) HPs)
             Began as a Human Fighter on Nov 7, 2023.
             Slain by an orc wizard
             ... wielding a +2 dagger of draining
              (1 damage)
             ... on level 2 of the Dungeon.
             The game lasted 00:02:16 (2242 turns).

Dittersdorf the Shield-Bearer (Human Fighter)       Turns: 2242, Time: 00:02:16

HP:   0/16 (42)     AC:  8    Str: 18    XL:     5   Next: 38%
MP:   5/5           EV:  9    Int:  8    God:
Gold: 93            SH:  5    Dex: 13    Spells: 4/4 levels left

rFire   + . .        a - +0 long sword
rCold   . . .        c - +0 buckler
rNeg    . . .        b - +0 scale mail
rPois   .            (no helmet)
rElec   .            k - +0 cloak
rCorr   .            (no gloves)
SInv    .            (no boots)
Will    .....        (no amulet) Stlth
                     e - ring of protection from fire
HPRegen 0.22/turn    (no ring)
MPRegen 0.09/turn

%: no passive effects
@: extremely drained
A: no striking features
a: no special abilities


You were on level 2 of the Dungeon.
You visited 1 branch of the dungeon, and saw 3 of its levels.

You collected 93 gold pieces.

Inventory:

Hand Weapons
 a - a +0 long sword (weapon)
Missiles
 q - 2 throwing nets
Armour
 b - a +0 scale mail (worn)
 c - a +0 buckler (worn)
 k - a +0 cloak (worn)
Jewellery
 e - a ring of protection from fire (left hand)
Scrolls
 g - 3 scrolls of poison {unknown}
 j - a scroll of fear {unknown}
 m - 2 scrolls of identify {unknown}
 n - a scroll of enchant armour {unknown}
 o - 3 scrolls of silence {unknown}
Potions
 d - a potion of might
 f - a potion of curing {unknown}
 h - a potion of invisibility {unknown}
 i - a potion of heal wounds {unknown}
 l - 2 potions of magic {unknown}
 p - a potion of enlightenment {unknown}


   Skills:
 + Level 3.7 Fighting
 + Level 3.1 Long Blades
 + Level 3.8 Armour
 + Level 3.8 Shields


You had 4 spell levels left.
You didn't know any spells.
Your spell library contained the following spells:

 Spells                   Type           Power      Damage    Failure   Level
 Necrotise                Necr           0%         1d4       86%         1
 Shock                    Conj/Air       0%         1d3       86%         1
 Swiftness                Air            0%         N/A       99%         3
 Vampiric Draining        Necr           0%         2d6       99%         3
 Airstrike                Air            0%         2d(0-16)  100%        4
 Agony                    Necr           0%         N/A       100%        5


Dungeon Overview and Level Annotations

Branches:
Dungeon (3/15)

Altars:


Message History

You miss something.
You hear some strange, mumbled words.
You are confused.
You bump into the rock wall.
Something hits you.
You feel drained.
You're too confused to move!
You hear some strange, mumbled words.
You are more confused.
You bump into the rock wall.
Something hits you.
You feel drained.
You hit something but do no damage. Something hits you.
You feel drained. Something hits you.
You feel drained.
You bump into the rock wall.
Something hits you but does no damage.
You feel drained.
You bump into the rock wall.
Something hits you but does no damage.
You feel drained.
You miss something.
You hear some strange, mumbled words.
A magic dart appears from out of thin air!
The magic dart hits you.
* * * LOW HITPOINT WARNING * * *
You bump into the rock wall.
Something hits you but does no damage.
You feel drained.
An orc wizard appears from thin air!
Reactivating autopickup.
You completely miss the orc wizard.
The orc wizard is moderately wounded.
The orc wizard barely misses you.
You closely miss the orc wizard.
The orc wizard is moderately wounded.
You feel less confused. You block the orc wizard's attack.
The orc wizard barely misses you.
You slash the orc wizard!
The orc wizard is severely wounded.
The orc wizard hits you but does no damage.
You feel drained.
You barely miss the orc wizard.
The orc wizard is severely wounded.
The orc wizard hits you with a +2 dagger of draining.
* * * LOW HITPOINT WARNING * * *
You feel drained.
You die...

####.####.# #.......###.# #
#.........# ####........#######
..##.###### #.########......
####.### #.##### #.#####
.......# ###)....####.#####
######.# #)>.............##
#.### #.#####.####.##.## #...##
#o# #.# #.##<## ###..## #@# #.#
#...... #...#
#.#####.####...... #§°§#
#..##.....##.##.#. #°☼.#
##.##.....##.##.#. #☼§°#
#..##.....##.##.#.
######...######.##.....##.##.#.
#.§☼○....†○☼§.#.##.....##.##.#.
#.§........§§...#########......
#.☼☼§.....§§☼.### ####.##


You could see an orc wizard.

Vanquished Creatures
  An orc priest (D:2)
  4 gnolls
  3 adders (D:2)
  A worm (D:2)
  A dart slug (D:1)
  2 orcs (D:2)
  3 endoplasms
  2 goblins (D:1)
  4 hobgoblins
  2 kobolds (D:1)
  5 ball pythons
  3 bats
  3 frilled lizards
  A rat (D:2)
35 creatures vanquished.

Notes
Turn   | Place    | Note
-------+----------+-------------------------------------------
     0 | D:1      | Dittersdorf the Human Fighter began the quest for the Orb.
     0 | D:1      | Reached XP level 1. HP: 18/18 MP: 1/1
   141 | D:1      | Reached XP level 2. HP: 15/24 MP: 2/2
   855 | D:2      | Reached XP level 3. HP: 19/29 MP: 3/3
  1439 | D:2      | Reached XP level 4. HP: 34/35 MP: 4/4
  1889 | D:2      | Reached XP level 5. HP: 37/41 MP: 5/5
  2106 | D:3      | Found a faded altar of an unknown god.
  2242 | D:2      | Slain by an orc wizard

Illustrated notes

Levels and vault maps discovered:
D:1:      tarquinn_simple_flora_water_d, layout_basic
D:2:      layout_loops_cross, minmay_misc_feat_secret_circle,
          lemuel_flame_loot_1
D:3:      layout_basic, hellmonk_ecumenical_altar_crossroads, interstate_on_off,
          uniq_natasha

Skill      XL: |  1  2  3  4  5 |
---------------+----------------+-----
Long Blades    | 3 |  3.1
Fighting       | |  3.7
Armour         | |  3.8
Shields        | |  3.8

Action                     |  1- 3 |  4- 6 || total
---------------------------+-------+-------++-------
  Melee: Long sword        |    72 |    77 ||   149
 Armour: Scale mail        |    57 |    87 ||   144
  Dodge: Dodged            |    27 |    46 ||    73
  Block: Buckler           |    11 |    13 ||    24

Table legend: (Time is in decaauts)
 A = Elapsed time spent in this place.
 B = Non-inter-level travel time spent in this place.
 C = Inter-level travel time spent in this place.
 D = Time resting spent in this place.
 E = Time spent auto-exploring this place.
 F = Levels seen in this place.
 G = Mean time per level.
                   A        B        C        D        E       F      G
               +--------+--------+--------+--------+--------+-----+--------+
         Total |   2293 |   2241 |     52 |    507 |   1304 |   3 |  764.3 |
       Dungeon |   2293 |   2241 |     52 |    507 |   1304 |   3 |  764.3 |
               +--------+--------+--------+--------+--------+-----+--------+

Top non-repeatable levels by time:
     D:2: 1159 daAuts
     D:1: 1121 daAuts
     D:3: 12 daAuts
